 Dungeon Crawl Stone Soup version 0.18-a0-1180-g64ccc1e (webtiles) character file.

7273 namelastname112 the Cleaver (level 10, -8/101 HPs)
             Began as a Red Draconian Chaos Knight on Jan 27, 2016.
             Mangled by an orc warrior
             ... wielding a +2 battleaxe of freezing
              (10 damage)
             ... on level 2 of the Orcish Mines.
             The game lasted 00:15:34 (8858 turns).

namelastname112 the Cleaver (DrCK)                  Turns: 8858, Time: 00:15:35

Health: -8/101     AC: 11    Str: 18    XL:     10   Next: 89%
Magic:  10/10      EV: 17    Int: 12    God:    Xom [....*.]
Gold:   356        SH:  3    Dex: 16    Spells: 0 memorised, 9 levels left

rFire  + . .     SeeInvis .     I - +0 war axe (elec)
rCold  . . .     Gourm    .     (armour unavailable)
rNeg   . . .     Faith    .     (no shield)
rPois  .         Spirit   .     (helmet restricted)
rElec  .         Dismiss  .     J - +1 cloak
rCorr  .         Reflect  +     (no gloves)
SustAt .         Harm     .     p - +1 pair of boots
MR     .....                    B - +3 amulet of reflection
Stlth  ++........               M - +3 ring of dexterity
                                k - +2 ring of strength

@: short of breath, not resistant to hostile enchantments, unstealthy
A: breathe fire, unfitting armour, fire resistance 1, robust 1, cold-blooded, AC
+7
a: Breathe Fire, Renounce Religion


You were on level 2 of the Orcish Mines.
You worshipped Xom.
You were a beloved toy of Xom.
You were hungry.

You visited 2 branches of the dungeon, and saw 12 of its levels.

You collected 506 gold pieces.
You spent 150 gold pieces at shops.

Inventory:

Hand Weapons
 a - a +1 hand axe of chaos
 I - a +0 war axe of electrocution (weapon)
Armour
 p - a +1 pair of boots (worn)
 J - a +1 cloak (worn)
Jewellery
 k - a +2 ring of strength (left hand)
 v - an uncursed ring of protection from fire
 z - an uncursed ring of magical power
 A - an uncursed ring of protection from magic
 B - a +3 amulet of reflection (around neck)
 M - a +3 ring of dexterity (right hand)
Wands
 j - a wand of paralysis (14/24)
 r - a wand of slowing (35/48)
 E - a wand of random effects (22/48)
 F - a wand of paralysis (9/24)
 O - a wand of slowing (27/48)
Scrolls
 c - 6 scrolls of teleportation
 d - 6 scrolls of enchant armour
 h - 3 scrolls of remove curse
 n - a scroll of fear {unknown}
 u - 9 scrolls of identify
 y - 2 scrolls of recharging {unknown}
 D - a scroll of magic mapping
 K - 2 scrolls of blinking
 L - a scroll of enchant weapon
 P - a scroll of amnesia {unknown}
Potions
 e - 2 potions of might {unknown}
 l - a potion of heal wounds
 m - 7 potions of curing
 o - 3 potions of brilliance {unknown}
 q - 2 potions of lignification {unknown}
 s - 3 potions of cancellation {unknown}
 t - 2 potions of poison {unknown}
 w - 3 potions of agility {unknown}
 x - 2 potions of haste {unknown}
 C - a potion of flight {unknown}
 H - 2 potions of magic {unknown}
 N - a potion of resistance
Comestibles
 b - 11 bread rations
 f - 4 meat rations
 g - 6 fruits
 i - 9 beef jerkies
 G - a royal jelly


   Skills:
 + Level 9.7 Fighting
 * Level 12.2 Axes
 + Level 7.9 Dodging


You had 9 spell levels left.
You didn't know any spells.

Dungeon Overview and Level Annotations

Branches:
Dungeon (10/15)            Temple (0/1) D:5            Lair (0/8) D:8
    Orc (2/2) D:10
    Elf: Orc:2

Altars:
Cheibriados
Elyvilon
Fedhas
Makhleb
Nemelex Xobeh
Pakellas
Sif Muna
The Shining One
Beogh

Shops:
D:7 !   D:8 !


Innate Abilities, Weirdness & Mutations

You can breathe blasts of fire.
Your fiery red scales are hard (AC +7).
Your body does not fit into most forms of armour.
Your flesh is heat resistant.
You are cold-blooded and may be slowed by cold attacks.
You are robust (+10% HP).


Message History

* * * LOW HITPOINT WARNING * * *
The orc warrior freezes you.
* * * LOW HITPOINT WARNING * * *
You feel yourself slow down.
Drink which item? (? for menu, Esc to quit)
You feel much better. The orc completely misses you.
The orc warrior hits you with a battleaxe of freezing!
* * * LOW HITPOINT WARNING * * *
The orc warrior freezes you!
* * * LOW HITPOINT WARNING * * *
Drink which item? (? for menu, Esc to quit)
You feel much better.
You feel yourself speed up. The orc misses you.
The orc warrior hits you with a battleaxe of freezing!!
* * * LOW HITPOINT WARNING * * *
Xom thinks this is hilarious!
The orc warrior freezes you!
You die...
Xom bursts into laughter!

.... ### .o.. ...
##.##.$... ....
###...#.....
.....#.#....o....
#.....@o......##
.......†o........
.#.....o.)...$..#
#...........##...
##.#.........#
..#....###.....
....... ..<..$#
...... .......
.....# .......


You could see 2 orc warriors and 2 orcs.

Vanquished Creatures
  The ghost of Situis the Blocker, a novice MiFi of Okawaru (D:10)
  2 hill giants (D:10)
  2 trolls
  A yak (D:8)
  A naga (D:5)
  A water moccasin (D:9)
  An ice beast (D:10)
  2 orc warriors
  2 sky beasts
  An eye of draining (D:10)
  The ghost of Chiseanne the Skirmisher, an amateur CeAE of Gozag (D:3)
  2 black bears
  3 ogres
  2 phantoms
  4 centaurs
  7 giant frogs
  A big kobold (D:10)
  2 jellies
  A water moccasin zombie (D:6)
  Dowan (D:5)
  3 scorpions
  5 wights (D:7)
  4 crimson imps
  A giant frog zombie (D:9)
  A quasit (D:7)
  9 hounds
  5 orc wizards
  3 centaur zombies
  8 orc priests
  Crazy Yiuf (D:7)
  2 giant frog skeletons
  A centaur skeleton (D:10)
  Ijyb (D:3)
  3 iguanas
  8 worker ants
  2 hound zombies (D:6)
  A hound skeleton (D:6)
  4 gnolls
  2 adders
  A shadow imp (D:5)
  2 oozes
  An adder zombie (D:8)
  A worm (D:2)
  4 giant geckos
  38 orcs
  5 giant cockroaches
  8 goblins
  6 hobgoblins
  8 jackals
  16 kobolds
  7 quokkas
  3 ball pythons
  A ball python skeleton (D:6)
  A ball python zombie (D:6)
  9 bats
  5 giant newts
  A quokka skeleton (D:6)
  A quokka zombie (D:6)
  6 rats
226 creatures vanquished.

Vanquished Creatures (collateral kills)
  Prince Ribbit (D:6)
  A wyvern (D:9)
  A sky beast (D:10)
3 creatures vanquished.

Vanquished Creatures (others)
  Pikel (D:5)
  3 slaves (D:5)
4 creatures vanquished.

Grand Total: 233 creatures vanquished

Notes
Turn   | Place    | Note
--------------------------------------------------------------
     0 | D:1      | namelastname112 the Draconian Chaos Knight began the quest for the Orb.
     0 | D:1      | Reached XP level 1. HP: 19/19 MP: 1/1
   191 | D:1      | Reached XP level 2. HP: 21/26 MP: 2/2
   371 | D:1      | XOM: divination: detect creatures
   635 | D:1      | Reached XP level 3. HP: 29/33 MP: 3/3
   654 | D:2      | Found a sparkling altar of Nemelex Xobeh.
   690 | D:2      | Found a deep blue altar of Sif Muna.
   714 | D:2      | Found an oddly glowing altar of Pakellas.
   714 | D:2      | Found a glowing golden altar of the Shining One.
   714 | D:2      | Found a white marble altar of Elyvilon.
   949 | D:2      | Found a snail-covered altar of Cheibriados.
   953 | D:2      | Reached skill level 4 in Axes
  1277 | D:2      | XOM: harmless Summ miscast
  1487 | D:2      | Reached XP level 4. HP: 33/40 MP: 4/4
  1549 | D:3      | XOM: potion effect (haste)
  1553 | D:3      | Noticed a centaur
  1553 | D:3      | an orc wizard changed into a centaur
  1568 | D:3      | Killed a centaur
  1568 | D:3      | Reached skill level 5 in Axes
  1568 | D:3      | Reached XP level 5. HP: 22/47 MP: 5/5
  1764 | D:3      | XOM: divination: magic mapping
  1798 | D:3      | Noticed Ijyb
  1811 | D:3      | Killed Ijyb
  1932 | D:3      | Noticed Chiseanne's ghost (amateur CeAE)
  1945 | D:3      | XOM: mild Conj miscast
  1949 | D:3      | Killed Chiseanne's ghost
  1949 | D:3      | Reached XP level 6. HP: 33/53 MP: 6/6
  2181 | D:3      | XOM: harmless Divn miscast
  2239 | D:3      | XOM: polymorph gnoll -> adder
  2479 | D:3      | XOM: silly message
  2857 | D:4      | Reached skill level 5 in Fighting
  2857 | D:4      | Reached skill level 6 in Axes
  2894 | D:4      | Reached XP level 7. HP: 50/61 MP: 7/7
  2894 | D:4      | Your scales start taking on a fiery red colour.
  2894 | D:4      | Gained mutation: Your flesh is heat resistant. [Red Draconian growth]
  3025 | D:4      | Gained mutation: You are robust (+10% HP). [mutagenic meat]
  3287 | D:5      | Entered Level 5 of the Dungeon
  3328 | D:5      | XOM: silly message
  3344 | D:5      | Reached skill level 7 in Axes
  3386 | D:5      | Got a slimy dagger
  3387 | D:5      | Identified the cursed +2 dagger of Oozing Pus {pierce, *Noise *Corrode +Rage rF+++ SInv} (You found it on level 5 of the Dungeon)
  3534 | D:5      | Noticed Duvessa
  3534 | D:5      | Noticed Dowan
  3552 | D:5      | Noticed Duvessa
  3552 | D:5      | Duvessa changed into Duvessa the naga
  3556 | D:5      | XOM: enchant monster (good)
  3557 | D:5      | Killed Duvessa the naga
  3566 | D:5      | XOM: potion effect (invisibility)
  3573 | D:5      | XOM: confuse monster(s)
  3575 | D:5      | Killed Dowan
  3575 | D:5      | Reached XP level 8. HP: 69/77 MP: 8/8
  3687 | D:5      | Found a staircase to the Ecumenical Temple.
  3791 | D:5      | Noticed Pikel
  3814 | D:5      | Killed Pikel
  3814 | D:5      | Reached skill level 8 in Axes
  3814 | D:5      | Reached skill level 5 in Dodging
  3814 | D:5      | XOM: divine lightning (protected)
  4039 | D:6      | XOM: fog
  4061 | D:6      | XOM: enchant monster (good)
  4064 | D:6      | XOM: polymorph orc priest -> worker ant
  4065 | D:6      | XOM: confuse monster(s)
  4068 | D:6      | XOM: fog
  4282 | D:6      | XOM: divination: detect creatures
  4284 | D:6      | Found a burning altar of Makhleb.
  4335 | D:6      | XOM: divination: magic mapping
  4525 | D:6      | XOM: mild Trmt miscast
  4591 | D:6      | Reached skill level 9 in Axes
  4834 | D:6      | Noticed Prince Ribbit
  4841 | D:6      | XOM: cast spell 'Summon Ice Beast'
  4845 | D:6      | Killed Prince Ribbit
  4845 | D:6      | Reached XP level 9. HP: 51/86 MP: 9/9
  4849 | D:6      | XOM: cast spell 'Hydra Form'
  4978 | D:7      | Found Ybleqeka's Distillery.
  4986 | D:7      | Bought a potion of heal wounds for 75 gold pieces
  4986 | D:7      | Bought a potion of heal wounds for 75 gold pieces
  5087 | D:7      | XOM: confuse monster(s)
  5517 | D:7      | Noticed a troll
  5528 | D:7      | Killed a troll
  5676 | D:7      | Reached skill level 10 in Axes
  5724 | D:7      | XOM: harmless Hex miscast
  5819 | D:7      | XOM: cast spell 'Summon Butterflies'
  6000 | D:7      | Noticed Crazy Yiuf
  6003 | D:7      | Killed Crazy Yiuf
  6238 | D:8      | Found Xulixkoomo's Distillery.
  6251 | D:8      | XOM: enchant monster (bad)
  6269 | D:8      | XOM: divination: detect creatures
  6284 | D:8      | XOM: potion effect (heal wounds)
  6480 | D:8      | XOM: medium Air miscast
  6650 | D:8      | Found a staircase to the Lair.
  6796 | D:9      | XOM: enchant monster (bad)
  6831 | D:9      | XOM: noise
  6890 | D:9      | XOM: 3-stop teleportation journey
  6912 | D:9      | XOM: summons friendly white imp
  6935 | D:9      | Reached XP level 10. HP: 97/99 MP: 10/10
  7096 | D:9      | Found a blossoming altar of Fedhas.
  7272 | D:9      | Reached skill level 11 in Axes
  7339 | D:9      | XOM: god gift: fuming blue potion
  7430 | D:10     | Entered Level 10 of the Dungeon
  7472 | D:10     | Noticed a hill giant
  7483 | D:10     | Killed a hill giant
  7604 | D:10     | XOM: harmless Ice miscast
  7675 | D:10     | XOM: 2-stop teleportation journey
  7718 | D:10     | Found a staircase to the Orcish Mines.
  7736 | D:10     | Found a roughly hewn altar of Beogh.
  7873 | D:10     | Noticed a hill giant
  7877 | D:10     | XOM: confusion
  7889 | D:10     | Killed a hill giant
  8120 | D:10     | Noticed Situis's ghost (novice MiFi)
  8158 | D:10     | XOM: silly message
  8209 | D:10     | Killed Situis's ghost
  8209 | D:10     | Reached skill level 12 in Axes
  8227 | D:10     | XOM: divination: detect creatures
  8240 | D:10     | XOM: cast spell 'Ice Form'
  8324 | D:10     | XOM: 1-stop teleportation journey
  8665 | Orc:1    | Entered Level 1 of the Orcish Mines
  8836 | Orc:2    | Entered Level 2 of the Orcish Mines
  8843 | Orc:2    | XOM: confuse monster(s)
  8857 | Orc:2    | HP: 5/101 [orc warrior/battleaxe of freezing (7)]
  8858 | Orc:2    | HP: 2/101 [orc warrior/battleaxe of freezing (22)]
  8858 | Orc:2    | Mangled by an orc warrior

Vault maps used:
D:1:      dpeg_arrival_circle_labyrinth_c
D:2:      led_sif_pool, cheibriados_altar_wand_db,
          gammafunk_temple_overflow_forgotten, nemelex_xobeh_ov_fountains_minmay
D:3:      due_unseen_surprise, uniq_iyjb
D:4:      first_bread
D:5:      minmay_temple_entry_from_below_a, uniq_duvessa, uniq_pikel
D:6:      lemuel_crystal_altar, serial_undead, serial_undead_b, serial_undead_d,
          serial_undead_f, serial_undead_e, serial_undead_f, serial_undead_e,
          serial_undead_f, serial_undead_c, uniq_prince_ribbit1
D:7:      minmay_opposing_rooms, serial_shops, shop_statue, grunt_ogre_cave,
          uniq_crazy_yiuf_cottage
D:8:      lair_0_dummy, serial_shops, nicolae_shop_trees
D:9:      fedhas_altar_1
D:10:     minmay_orc_entry_temple_small, serial_glass, glass_columns_b,
          glass_columns_b
Orc:1:    portal_ice_cave_entry_ice_beasts
Orc:2:    grunt_orc_cross, uniq_sonja, uniq_saint_roka

Action                   |  1- 3 |  4- 6 |  7- 9 | 10-12 || total
-------------------------+-------+-------+-------+-------++-------
Melee: Hand axe          |   102 |   140 |   294 |       ||   536
       War axe           |       |       |   131 |   171 ||   302
       Unarmed           |       |       |       |     4 ||     4
 Abil: Breathe Fire      |       |       |     3 |     6 ||     9
  Use: Potion            |       |     1 |       |     3 ||     4
       Scroll            |       |       |     8 |     1 ||     9
 Stab: Confused          |       |     2 |     3 |       ||     5
       Paralysed         |       |       |     2 |       ||     2
       Invisible         |       |       |     1 |       ||     1
       Petrifying        |       |       |     1 |       ||     1
  Eat: Chunk             |     1 |     5 |    14 |     3 ||    23
       Pizza             |       |       |     1 |       ||     1
       Fruit             |       |       |       |     2 ||     2
       Royal jelly       |       |       |       |     1 ||     1
